 Dungeon Crawl Stone Soup version 0.30-a0-1082-g70414cbcbb (webtiles) character file.

Game seed: 12142131776175715247

94138 voltaire321 the Unseen (level 16, -1/103 HPs)
             Began as a Kobold Brigand on Apr 16, 2023.
             Was the Champion of Wu Jian.
             Slain by a sea snake (11 damage)
             ... on level 1 of the Snake Pit.
             The game lasted 01:31:52 (27191 turns).

voltaire321 the Unseen (Kobold Brigand)            Turns: 27191, Time: 01:31:53

Health: -1/103     AC: 14    Str: 10    XL:     16   Next: 59%
Magic:  12/25      EV: 25    Int: 14    God:    Wu Jian [******]
Gold:   1691       SH:  7    Dex: 23    Spells: 9/27 levels left

rFire   + . .      SeeInvis .    G - +4 dagger (elec)
rCold   . . .      Faith    .    n - +0 buckler
rNeg    . . .      Spirit   .    e - +0 troll leather armour
rPois   +          Reflect  .    J - +2 helmet
rElec   .          Rampage  .    c - +2 cloak
rCorr   .                        (no gloves)
Will    ++...                    x - +2 pair of boots
Stlth   ++++++++                 y - amulet of the acrobat
HPRegen 1.17/turn                O - ring of wizardry
MPRegen 0.19/turn                q - ring "Arphon" {rPois rF+ Will+ Str+2}

@: no status effects
A: small, no large weapons, nightstalker 3
a: Renounce Religion, Wall Jump, Serpent's Lash, Heavenly Storm


You were on level 1 of the Snake Pit.
You worshipped Wu Jian.
Wu Jian was exalted by your worship.
You visited 5 branches of the dungeon, and saw 24 of its levels.
You also visited: Ice Cave.

You collected 1958 gold pieces.
You spent 267 gold pieces at shops.

Inventory:

Hand Weapons
 a - a +2 dagger
 h - a +0 vampiric rapier
 G - a +4 dagger of electrocution (weapon)
 S - a +2 rapier of draining
Missiles
 d - 49 poisoned darts
 E - 6 datura-tipped darts
 H - 11 boomerangs
 K - a throwing net
 T - 3 curare-tipped darts
Armour
 c - a +2 cloak (worn)
 e - a +0 troll leather armour (worn)
 n - a +0 buckler (worn)
 x - a +2 pair of boots (worn)
 J - a +2 helmet (worn)
 R - a +1 robe of the Archmagi
Jewellery
 b - a ring of see invisible
 q - the ring "Arphon" (right hand) {rPois rF+ Will+ Str+2}
   (You found it on level 2 of the Dungeon)

   [ring of willpower]

   Str:       It affects your strength (+2).
   rF:        It protects you from fire.
   rPois:     It protects you from poison.
   Will:      It increases your willpower.
 v - a ring of positive energy
 y - an amulet of the acrobat (around neck)
 D - a +5 ring of evasion
 F - a ring of magical power
 M - a ring of magical power
 O - a ring of wizardry (left hand)
Wands
 i - a wand of polymorph (19)
 k - a wand of flame (11)
 A - a wand of mindburst (10)
 B - a wand of iceblast (22)
 I - a wand of paralysis (12)
Scrolls
 j - 4 scrolls of teleportation
 p - 2 scrolls of fear
 r - 7 scrolls of poison
 z - 3 scrolls of identify
 L - a scroll of immolation
 P - 3 scrolls of fog
Potions
 f - 3 potions of brilliance
 g - 3 potions of mutation
 l - 17 potions of curing
 m - 3 potions of haste
 o - a potion of magic
 t - a potion of ambrosia
 u - 4 potions of lignification
 w - 2 potions of resistance
 C - a potion of flight
 N - 2 potions of berserk rage
 Q - 3 potions of might


   Skills:
 + Level 12.4 Fighting
 + Level 10.3 Short Blades
 - Level 6.0 Throwing
 - Level 5.0 Armour
 + Level 13.2 Dodging
 + Level 17.8 Stealth
 - Level 6.0 Shields
 - Level 6.0 Spellcasting
 - Level 7.0 Conjurations
 - Level 5.0 Hexes
 + Level 4.8 Translocations
 + Level 8.8 Ice Magic
 - Level 7.0 Earth Magic


You had 9 spell levels left.
You knew the following spells:

 Your Spells              Type           Power      Damage    Failure   Level
a - Stone Arrow           Conj/Erth      46%        3d9       1%          3
b - Ensorcelled Hibernat  Hex/Ice        46%        N/A       1%          2
c - Passage of Golubria   Tloc           17%        N/A       16%         4
d - Frozen Ramparts       Ice            58%        1d9       1%          3
e - Ozocubu's Armour      Ice            29%        N/A       1%          3
f - Hailstorm             Conj/Ice       26%        3d7       1%          3

Your spell library contained the following spells:

 Spells                   Type           Power      Damage    Failure   Level
 Freeze                   Ice            100%       1d10      1%          1
 Sandblast                Erth           46%        2d11      1%          1
 Shock                    Conj/Air       56%        1d6       2%          1
 Lesser Beckoning         Tloc           34%        N/A       2%          2
 Passwall                 Tmut/Erth      11%        N/A       4%          2
 Gell's Gravitas          Tloc           17%        N/A       4%          3
 Portal Projectile        Hex/Tloc       34%        N/A       4%          3
 Teleport Other           Tloc           17%        N/A       4%          3
 Tukima's Dance           Hex            18%        N/A       4%          3
 Fulminant Prism          Conj/Hex       10%        3d9       10%         4
 Iskenderun's Mystic Bla  Conj/Tloc      20%        2d6       11%         4
 Necrotise                Necr           16%        1d4       12%         1
 Volatile Blastmotes      Fire/Tloc      20%        2d11      13%         3
 Iskenderun's Battlesphe  Conj           23%        2d8       17%         5
 Lee's Rapid Deconstruct  Erth           11%        3d8*      17%         5
 Metabolic Englaciation   Hex/Ice        11%        N/A       19%         5
 Spider Form              Tmut/Pois      4%         N/A       32%         3
 Swiftness                Air            4%         N/A       32%         3
 Vampiric Draining        Necr           4%         2d6       32%         3
 Anguish                  Hex/Necr       5%         N/A       38%         4
 Fireball                 Conj/Fire      7%         3d5       56%         5
 Airstrike                Air            2%         2d(1-17)  71%         4
 Yara's Violent Unravell  Hex/Tmut       5%         3d4       71%         5
 Ozocubu's Refrigeration  Ice            14%        4d10      92%         7
 Agony                    Necr           4%         N/A       95%         5
 Blade Hands              Tmut           2%         N/A       95%         5
 Conjure Ball Lightning   Conj/Air       7%         3x3d6     98%         6
 Orb of Destruction       Conj           11%        9d6       99%         7
 Malign Gateway           Summ/Tloc      5%         N/A       100%        7
 Summon Horrible Things   Summ           2%         N/A       100%        8


Dungeon Overview and Level Annotations

Branches:
Dungeon (15/15)            Temple (1/1) D:6            Lair (5/5) D:10
 Shoals (0/4) Lair:3        Snake (1/4) Lair:3        Slime (0/5) Lair:5
    Orc (2/2) D:10            Elf (0/3) Orc:2        Vaults (0/5) D:13
 Depths (0/4) D:15          IceCv (visited)

Altars:
Ashenzari
Cheibriados
Dithmenos
Elyvilon
Fedhas
Gozag
Hepliaklqana
Kikubaaqudgha
Makhleb
Nemelex Xobeh
Okawaru
Qazlal
Ru
Sif Muna
Trog
Uskayaw
Vehumet
Wu Jian
Xom
Yredelemnul
Zin
The Shining One
Jiyva

Shops:
D:3 =   D:4 *   D:6 *   Orc:2 ?:?[!

Portals:
Trove: D:13 (give horn of Geryon)

Annotations:
D:8 Gastronok


Innate Abilities, Weirdness & Mutations

You are small and have problems with some larger weapons.
You are completely attuned to the shadows.


Message History

The bolt of electricity misses you. x2
The bolt of electricity hits the shock serpent.
The shock serpent completely resists.
The sea snake barely misses you.
The shock serpent shoots out a bolt of lightning at you!
The bolt of electricity misses you. x2
The bolt of electricity hits the shock serpent.
The shock serpent completely resists.
Casting: Ensorcelled Hibernation (safe; 1% risk of failure)
Confirm with . or Enter, or press ? or * to list all spells.
Aiming: Ensorcelled Hibernation (safe; 1% risk of failure)
Press: ? - help, Shift-Dir - straight line, f/p - shock serpent
Aim: a shock serpent (heavily wounded, chance to affect: 37%)
The shock serpent looks drowsy...
The sea snake bites you but does no damage.
An electric eel comes into view.
The helpless shock serpent fails to defend itself.
You stick the shock serpent like a pincushion!!!!!
You kill the shock serpent!
The Council accepts your kill.
The air sparks with electricity, shocking you!
* * * LOW HITPOINT WARNING * * *
The sea snake completely misses you.
Casting: Ensorcelled Hibernation (safe; 1% risk of failure)
Confirm with . or Enter, or press ? or * to list all spells.
Aiming: Ensorcelled Hibernation (safe; 1% risk of failure)
Press: ? - help, Shift-Dir - straight line, f - sea snake
Aim: a sea snake (lightly wounded, chance to affect: 37%)
The sea snake resists with some effort.
The sea snake closely misses you.
Casting: Ensorcelled Hibernation (safe; 1% risk of failure)
Confirm with . or Enter, or press ? or * to list all spells.
Aiming: Ensorcelled Hibernation (safe; 1% risk of failure)
Press: ? - help, Shift-Dir - straight line, f/p - sea snake
Aim: a sea snake (lightly wounded, chance to affect: 37%)
The sea snake resists with some effort.
The electric eel shoots out a bolt of lightning at you!
The bolt of electricity hits you!
* * * LOW HITPOINT WARNING * * *
You block the sea snake's attack. The sea snake attacks as you move away!
The sea snake bites you!
You die...

~.~.#..S~≈#
~........~#
≈....#.~.~#
~~.~..~.S≈#
#≈≈....~~#
.##≈~.S~~##
#.##~.@≈##
#..##..##
#......#
.###...# ..
#...#
#.####...##
#.........#
##......... .
.###.....####.


You could see a sea snake and an electric eel.

Vanquished Creatures
  Rupert (Lair:4)
  Jorgrun (D:15)
  Louise (D:15)
  Nessos (D:14)
  Azrael (D:15)
  4 jiangshi (D:13)
  Harold (D:10)
  5 hydras
  4 centaur warriors
  9 two-headed ogres
  A boulder beetle (D:12)
  A dancing weapon (D:13)
  An anaconda (Snake:1)
  A naga warrior (Snake:1)
  2 tengu warriors (D:15)
  A vampire mage (D:13)
  3 death yaks (D:10)
  Urug (Lair:2)
  2 shock serpents (Snake:1)
  Nergalle (Lair:1)
  3 orc high priests (Orc:2)
  Amaemon (Lair:2)
  A necromancer (D:15)
  4 orc knights (Orc:2)
  A deep elf zephyrmancer (D:15)
  A wizard (D:15)
  A deep elf pyromancer (D:15)
  2 mana vipers (Snake:1)
  6 orc sorcerers
  3 ugly things (D:14)
  3 cyclopes
  A salamander (Snake:1)
  A salamander (shapeshifter) (D:13)
  2 manticores
  3 centaur zombies
  6 black mambas
  9 elephants (Lair:5)
  2 merfolk sirens (Lair:3)
  A torpor snail (Lair:5)
  2 naga magi
  An orange demon (Lair:2)
  7 centaur skeletons
  13 cane toads
  A rime drake (Lair:3)
  3 kobold demonologists (D:11)
  An unseen horror (D:13)
  A freezing wraith (IceCv)
  An efreet (D:14)
  7 komodo dragons
  A yaktaur (D:13)
  3 tengu conjurers
  3 ice devils
  2 merfolk (Lair:3)
  7 polar bears
  A harpy zombie (D:15)
  2 hellwings (D:7)
  3 meliai (D:15)
  7 trolls
  10 blink frogs
  5 hornets
  A meliai zombie (D:7)
  18 slime creatures
  2 dream sheep (Lair:5)
  A centaur simulacrum (D:15)
  3 vampires (D:13)
  A wraith (D:13)
  5 wyverns
  12 spriggans (Lair:5)
  5 basilisks
  47 yaks
  A dire elephant simulacrum (IceCv)
  2 shadows
  4 fire elementals (D:15)
  Grum (D:8)
  A steam dragon (D:6)
  Menkaure (D:5)
  5 vampire mosquitoes
  3 nagas (Snake:1)
  3 wargs
  A hell hound (D:15)
  18 water moccasins
  4 acid dragons
  A two-headed ogre zombie (D:10)
  5 black bears
  A sky beast (D:8)
  A meliai simulacrum (D:15)
  An ice beast (D:8)
  18 orc warriors
  4 ogres
  3 boggarts (Lair:5)
  16 wolves
  6 centaurs
  3 phantoms
  3 kobold brigands
  Blork the orc (D:5)
  5 bullfrogs
  2 scorpions
  A cane toad simulacrum (IceCv)
  4 wights (D:10)
  A troll zombie (D:10)
  15 killer bees
  An elephant simulacrum (IceCv)
  An electric eel (Snake:1)
  2 howler monkeys
  2 lava snakes (D:12)
  3 jellies (Lair:5)
  23 orc priests
  6 hounds
  2 gnoll boudas
  2 sleepcaps
  Terence (D:3)
  7 iguanas
  21 orc wizards
  A hell rat (D:10)
  2 polar bear simulacra (IceCv)
  A spriggan simulacrum (D:11)
  2 troll simulacra (D:11)
  6 ogre zombies (D:10)
  7 adders
  11 gnolls
  3 naga simulacra
  5 shadow imps
  A white imp (D:7)
  A worm (D:2)
  3 dart slugs
  65 orcs
  3 bats
  10 endoplasms
  7 giant cockroaches
  9 goblins
  10 hobgoblins
  A jackal (D:2)
  5 quokkas
  11 ball pythons
  4 frilled lizards
  4 goblin zombies (D:10)
  4 hobgoblin zombies (D:10)
  22 kobolds
  3 orc skeletons (D:10)
  14 orc zombies (D:10)
  8 rats
698 creatures vanquished.

Vanquished Creatures (others)
  A guardian serpent (Snake:1)
  An orc priest (Orc:2)
  42 fungi
  89 plants
  22 withered plants
155 creatures vanquished.

Grand Total: 853 creatures vanquished

Notes
Turn   | Place    | Note
-------+----------+-------------------------------------------
     0 | D:1      | voltaire321 the Kobold Brigand began the quest for the Orb.
     0 | D:1      | Reached XP level 1. HP: 12/12 MP: 1/1
    95 | D:1      | Reached XP level 2. HP: 18/18 MP: 2/2
   361 | D:1      | Reached XP level 3. HP: 22/22 MP: 3/3
  1103 | D:2      | Found a faded altar of an unknown god.
  1146 | D:2      | Identified the ring "Arphon" {rPois rF+ Will+ Str+2}
  1276 | D:2      | Reached XP level 4. HP: 27/27 MP: 4/4
  1442 | D:2      | Reached skill level 6 in Stealth
  2053 | D:3      | Found a stormy altar of Qazlal.
  2131 | D:3      | Found Ruhor's Jewellery Shoppe.
  2193 | D:3      | Reached XP level 5. HP: 32/32 MP: 5/5
  2197 | D:3      | You fall into a shaft and drop 3 floors!
  2206 | D:6      | Found a radiant altar of Vehumet.
  2339 | D:6      | Noticed a two-headed ogre
  2354 | D:6      | Reached skill level 1 in Shields
  2354 | D:6      | Reached XP level 6. HP: 37/37 MP: 6/6
  2448 | D:6      | Noticed a steam dragon
  2452 | D:6      | Killed a steam dragon
  2453 | D:6      | Reached skill level 7 in Stealth
  2463 | D:6      | Reached XP level 7. HP: 34/41 MP: 7/7
  2497 | D:6      | Found a hide-covered altar of Uskayaw.
  2520 | D:6      | Found a hazy altar of Hepliaklqana.
  2874 | D:6      | Found a staircase to the Ecumenical Temple.
  2881 | Temple   | Entered the Ecumenical Temple
  3188 | D:6      | Reached skill level 8 in Stealth
  3335 | D:5      | Entered Level 5 of the Dungeon
  3339 | D:5      | Reached skill level 5 in Short Blades
  3339 | D:5      | Reached XP level 8. HP: 48/48 MP: 8/8
  3923 | D:3      | Found a glowing golden altar of the Shining One.
  3983 | D:3      | Noticed Terence
  3987 | D:3      | Killed Terence
  4165 | D:4      | Found a large runed translucent door.
  4165 | D:4      | Found a large runed translucent door.
  4219 | D:4      | Found a burning altar of Makhleb.
  4461 | D:4      | Found a white marble altar of Elyvilon.
  4542 | D:4      | Found Joytseod's Lightly-Used Armoury.
  4783 | D:4      | Found a shimmering altar of Xom.
  4788 | D:4      | Found a snail-covered altar of Cheibriados.
  4989 | D:4      | Reached skill level 9 in Stealth
  5064 | D:4      | Found a shimmering blue altar of Sif Muna.
  5462 | D:5      | Noticed Blork the orc
  5474 | D:5      | Killed Blork the orc
  5631 | D:5      | Reached XP level 9. HP: 53/53 MP: 9/9
  5642 | D:5      | Found a bloodstained altar of Trog.
  5714 | D:5      | Found an ornate altar of the Wu Jian Council.
  5732 | D:5      | Noticed Menkaure
  5735 | D:5      | Killed Menkaure
  5736 | D:5      | Reached skill level 5 in Fighting
  5739 | D:5      | Became a worshipper of the Wu Jian Council
  6207 | D:6      | Reached skill level 5 in Dodging
  6271 | D:6      | Reached skill level 5 in Throwing
  6271 | D:6      | Reached skill level 10 in Stealth
  6274 | D:6      | Found Kiler's Assorted Antiques.
  6849 | D:7      | Reached * piety under Wu Jian
  7580 | D:7      | Reached skill level 11 in Stealth
  7609 | D:7      | Reached XP level 10. HP: 43/60 MP: 10/10
  7892 | D:6      | Bought a bubbling ruby potion for 19 gold pieces
  7892 | D:6      | Bought a scroll of identify for 44 gold pieces
  8107 | D:8      | Noticed Gastronok
  8395 | D:8      | Noticed Grum
  8399 | D:8      | Killed Grum
  8450 | D:8      | Reached skill level 12 in Stealth
  8495 | D:8      | Learned a level 3 spell: Stone Arrow
  8566 | D:8      | Reached ** piety under Wu Jian
  9178 | D:9      | Noticed a two-headed ogre
  9190 | D:9      | Killed a two-headed ogre
  9191 | D:9      | Reached skill level 1 in Spellcasting
  9191 | D:9      | Reached skill level 1 in Conjurations
  9191 | D:9      | Reached skill level 1 in Earth Magic
  9396 | D:9      | Found an iron altar of Okawaru.
  9734 | D:9      | Noticed a centaur warrior
  9738 | D:9      | Killed a centaur warrior
  9739 | D:9      | Reached XP level 11. HP: 66/66 MP: 13/13
 10193 | D:10     | Entered Level 10 of the Dungeon
 10223 | D:10     | Noticed a death yak
 10224 | D:10     | Noticed a death yak
 10225 | D:10     | Noticed a death yak
 10260 | D:10     | Found an opulent altar of Gozag.
 10379 | D:10     | Found a staircase to the Orcish Mines.
 10483 | D:10     | Reached *** piety under Wu Jian
 10517 | D:10     | Noticed Harold
 10520 | D:10     | Killed Harold
 10549 | D:10     | Found an ancient bone altar of Kikubaaqudgha.
 10564 | D:10     | Noticed a two-headed ogre
 10574 | D:10     | Killed a two-headed ogre
 11012 | D:10     | Reached skill level 5 in Shields
 11535 | D:10     | Reached skill level 13 in Stealth
 11675 | D:10     | Found a staircase to the Lair.
 11688 | Lair:1   | Entered Level 1 of the Lair of Beasts
 11765 | Lair:1   | Noticed Nergalle
 11796 | Lair:1   | HP: 3/64 [Nergalle/+2 dagger of draining (5)]
 11796 | Lair:1   | HP: 1/63 [Nergalle/+2 dagger of draining (2)]
 11800 | Lair:1   | Killed Nergalle
 11801 | Lair:1   | Reached XP level 12. HP: 4/73 MP: 17/17
 12234 | Lair:1   | Found an ornate altar of the Wu Jian Council.
 12571 | Lair:2   | Reached **** piety under Wu Jian
 12961 | Lair:2   | Noticed an eight-headed hydra
 12964 | Lair:2   | Killed an eight-headed hydra
 12965 | Lair:2   | Reached skill level 10 in Short Blades
 13069 | Lair:2   | Noticed Urug
 13072 | Lair:2   | Killed Urug
 13221 | Lair:2   | Noticed Amaemon
 13224 | Lair:2   | Killed Amaemon
 13237 | Lair:2   | Reached skill level 5 in Spellcasting
 13237 | Lair:2   | Reached skill level 5 in Earth Magic
 13273 | Lair:2   | Reached skill level 5 in Conjurations
 13722 | Lair:3   | Reached skill level 14 in Stealth
 13788 | Lair:3   | Reached XP level 13. HP: 80/80 MP: 2/20
 13803 | Lair:3   | Reached skill level 1 in Armour
 14040 | Lair:3   | Found a staircase to the Shoals.
 14204 | Lair:3   | Found a staircase to the Snake Pit.
 14354 | Lair:3   | Reached ***** piety under Wu Jian
 14948 | Lair:3   | Learned a level 2 spell: Ensorcelled Hibernation
 15090 | Lair:4   | Reached skill level 10 in Dodging
 15606 | Lair:5   | Entered Level 5 of the Lair of Beasts
 15610 | Lair:5   | Reached skill level 1 in Ice Magic
 15611 | Lair:5   | Reached skill level 1 in Hexes
 15964 | Lair:5   | Reached skill level 15 in Stealth
 15985 | Lair:5   | Noticed Rupert
 16004 | Lair:5   | Noticed a four-headed hydra
 16040 | Lair:4   | Killed Rupert
 16175 | Lair:5   | Killed a four-headed hydra
 16458 | Lair:5   | Reached skill level 10 in Fighting
 16494 | Lair:5   | Reached XP level 14. HP: 88/88 MP: 14/21
 17116 | Lair:5   | Found a viscous altar of Jiyva.
 17116 | Lair:5   | Found a staircase to the Slime Pits.
 18235 | Orc:1    | Entered Level 1 of the Orcish Mines
 18465 | Orc:1    | Reached skill level 16 in Stealth
 18632 | Orc:2    | Entered Level 2 of the Orcish Mines
 18755 | Orc:2    | Found Kyokoh's Magic Scroll Shoppe.
 18759 | Orc:2    | Bought a scroll of teleportation for 51 gold pieces
 18759 | Orc:2    | Bought a scroll of teleportation for 51 gold pieces
 18759 | Orc:2    | Bought a scroll of teleportation for 51 gold pieces
 18759 | Orc:2    | Bought a scroll of teleportation for 51 gold pieces
 18969 | Orc:2    | Found a staircase to the Elven Halls.
 18994 | Orc:2    | Found Yludi's Distillery.
 18994 | Orc:2    | Found Focs's Book Boutique.
 18994 | Orc:2    | Found Yddeig Dacab's Antique Armour Emporium.
 18994 | Orc:2    | Found Nuqelad's Magic Scroll Boutique.
 19099 | Orc:2    | Reached ****** piety under Wu Jian
 19104 | Orc:2    | Found a radiant altar of Vehumet.
 19366 | Orc:2    | Reached skill level 5 in Ice Magic
 19730 | Orc:2    | Reached skill level 5 in Armour
 19851 | Orc:2    | Reached XP level 15. HP: 21/93 MP: 8/24
 20244 | Orc:2    | Reached skill level 5 in Hexes
 21064 | D:11     | Found a frozen archway.
 21091 | IceCv    | Entered an ice cave
 21151 | IceCv    | Found an ancient bone altar of Kikubaaqudgha.
 21571 | D:11     | Learned a level 4 spell: Passage of Golubria
 21636 | D:11     | Found a basalt altar of Yredelemnul.
 22194 | D:12     | Reached skill level 1 in Translocations
 23058 | D:13     | Found a basalt altar of Yredelemnul.
 23070 | D:13     | Learned a level 3 spell: Frozen Ramparts
 23079 | D:13     | Got Paewk's Papyrus of Disjunct Frost
 23141 | D:13     | Found a gate to the Vaults.
 23290 | D:13     | Identified the +4 spear of a Gauntlet {drain, +Blink Will+}
 23442 | D:13     | Found a portal to a secret trove of treasure.
 23962 | D:14     | Noticed Nessos
 23965 | D:14     | Killed Nessos
 23966 | D:14     | Reached skill level 17 in Stealth
 23988 | D:14     | Identified the +10 hand axe "Ypsy Aschod" {freeze, rN++}
 24128 | D:14     | Learned a level 3 spell: Ozocubu's Armour
 24132 | D:14     | Learned a level 3 spell: Hailstorm
 24775 | D:13     | Reached XP level 16. HP: 101/101 MP: 25/25
 24879 | D:13     | HP: 2/101 [+7 long sword (17)]
 25296 | D:15     | Entered Level 15 of the Dungeon
 25316 | D:15     | Noticed Azrael
 25319 | D:15     | Killed Azrael
 25397 | D:15     | Noticed Jorgrun
 25399 | D:15     | Killed Jorgrun
 25766 | D:15     | Found a staircase to the Depths.
 26145 | D:15     | Noticed Louise
 26148 | D:15     | Killed Louise
 26324 | Snake:1  | Entered Level 1 of the Snake Pit
 27191 | Snake:1  | Slain by a sea snake

Illustrated notes

Levels and vault maps discovered:
D:1:      minmay_arrival_stone_box, layout_loops_ring
D:2:      minmay_chambers_of_ones, layout_basic,
          chequers_ecumenical_altar_lobes, minmay_goblin_outpost
D:3:      layout_basic, lemuel_round_altar, nicolae_qazlal_scattered_showers,
          serial_shops, nicolae_shop_gaudy_bauble, uniq_terence
D:4:      layout_cave_pools, mainiacjoe_overflow_tiny_flanked,
          makhleb_blood_cavern_becter, tgw_sif, jmf_multi_god_temple2,
          grunt_ministairs_3, minmay_shop_damaged
D:5:      layout_rooms, lemuel_doored_altar, nicolae_wu_jian_wuxing_cycle,
          uniq_blork_the_orc, uniq_menkaure
D:6:      kennysheep_big_flooded_room, layout_rooms, nzn_hepliaklqana_mist_gate,
          nicolae_overflow_crystal_walls, vehumet_crystals,
          minmay_temple_entry_from_below_a, nicolae_take_the_stairs
D:7:      cheibrodos_grave_circle, layout_basic
D:8:      layout_loops_ring, uniq_grum, uniq_gastronok
D:9:      layout_gridville, general_overflow_altar, minmay_microvault
D:10:     layout_loops_ring, overflow_temple_1_default,
          kiku_gazebo_garden_becter, dpeg_lair_monsters, zombieorc2_lemuel,
          uniq_harold
D:11:     layout_cave_pools, portal_ice_cave_entry_ice_simulacra,
          solitary_fountain, lemuel_zombie_altar_yredelemnul
D:12:     layout_long_grid, kennysheep_donut
D:13:     layout_irregular_city, erik_vaults_1, nicolae_trove_entry_isolated,
          nicolae_nh_vlads_tower
D:14:     layout_roguey, kennysheep_pointless_box, serial_bayou_pond_a,
          uniq_nessos
D:15:     grunt_enter_depths_magical_seal, layout_rooms,
          minmay_stone_trees_small, uniq_louise, uniq_azrael, uniq_jorgrun
Temple:   nicolae_temple_superstar
Lair:1:   layout_loops_ring, basic_altar, grunt_megastairs_4, uniq_nergalle
Lair:2:   layout_cave_pods, uniq_amaemon, uniq_urug
Lair:3:   layout_concentric_octagons, elwin_shoals_entry_stream,
          minmay_snake_entry_six_corridors, serial_rivers,
          chequers_serial_rivers_micro_a, chequers_serial_rivers_room_a,
          chequers_serial_rivers_room_a, chequers_serial_rivers_micro_e,
          chequers_serial_rivers_large_b
Lair:4:   layout_loops_ring
Lair:5:   minmay_lair_end_enchanted_forest, layout_long_grid,
          minmay_slime_entry_pillars, serial_bayou, serial_bayou_pond_d,
          serial_bayou_shore_b, serial_bayou_lagoon_a, serial_bayou_shore_b,
          serial_bayou_pond_a, serial_bayou_pond_c,
          grunt_forest_small_clearings, chequers_serial_rivers_micro_c,
          uniq_rupert
Snake:1:  layout_layer_cave, nicolae_snake_bzzzt, minmay_shoptagon,
          grunt_megastairs_3
Orc:1:    layout_caves
Orc:2:    grunt_orc_tribal_feast, layout_caves, serial_shops,
          nicolae_shop_rolled_up, basic_altar

Skill      XL: |  1  2  3  4  5  6  7  8  9 10 11 12 13 14 15 16 |
---------------+-------------------------------------------------+-----
Short Blades   | 3 4 5 7 8 9 10 | 10.3
Dodging        | 2 3 4 6 7 8 9 10 11 12 13 | 13.2
Stealth        | 6 7 8 9 11 12 13 14 15 16 17 | 17.8
Fighting       | 3 4 5 6 7 8 10 11 12 | 12.4
Throwing       | 3 4 5 6 |  6.0
Shields        | 1 2 3 4 5 6 |  6.0
Spellcasting   | 1 3 5 6 |  6.0
Conjurations   | 2 3 5 6 7 |  7.0
Earth Magic    | 1 3 5 6 7 |  7.0
Armour         | 3 5 |  5.0
Ice Magic      | 2 5 8 |  8.8
Hexes          | 2 4 5 |  5.0
Translocations | 3 4 |  4.8

Action                     |  1- 3 |  4- 6 |  7- 9 | 10-12 | 13-15 | 16-18 || total
---------------------------+-------+-------+-------+-------+-------+-------++-------
  Melee: Dagger            |    78 |   110 |   505 |   655 |  1818 |   244 ||  3410
  Throw: Dart              |       |     2 |    38 |    12 |       |       ||    52
   Cast: Stone Arrow       |       |       |       |     5 |    85 |    30 ||   120
         Ensorcelled Hiber |       |       |       |       |    10 |     4 ||    14
Ability: Whirlwind         |       |       |    34 |   110 |   460 |    44 ||   648
         Lunge             |       |       |     9 |    52 |   126 |    30 ||   217
  Evoke: Wand              |       |       |    19 |     7 |     1 |       ||    27
    Use: Potion            |       |       |     8 |     2 |     6 |     5 ||    21
         Scroll            |       |       |     9 |    14 |    13 |     5 ||    41
   Stab: Sleeping          |    22 |     9 |    35 |    54 |   106 |    28 ||   254
         Distracted        |       |       |     1 |     4 |    10 |       ||    15
 Armour: Robe              |     6 |       |       |       |       |    24 ||    30
         Leather armour    |     4 |    23 |    53 |    20 |       |       ||   100
         Skin              |       |       |    32 |       |       |       ||    32
         Troll leather arm |       |       |       |     8 |   141 |    10 ||   159
  Dodge: Dodged            |    23 |    50 |   322 |   294 |  1052 |   172 ||  1913
  Block: Buckler           |     3 |    13 |   115 |    91 |   342 |    51 ||   615

Table legend: (Time is in decaauts)
 A = Elapsed time spent in this place.
 B = Non-inter-level travel time spent in this place.
 C = Inter-level travel time spent in this place.
 D = Time resting spent in this place.
 E = Time spent auto-exploring this place.
 F = Levels seen in this place.
 G = Mean time per level.
                   A        B        C        D        E       F      G
               +--------+--------+--------+--------+--------+-----+--------+
         Total |  26592 |  25510 |   1082 |   5140 |  12407 |  25 | 1063.7 |
       Dungeon |  17184 |  16443 |    741 |   3416 |   7865 |  15 | 1145.6 |
        Temple |    239 |    180 |     59 |      0 |    167 |   1 |  239.0 |
          Lair |   6435 |   6228 |    207 |   1014 |   3642 |   5 | 1287.0 |
     Snake Pit |    624 |    624 |      0 |    228 |    206 |   1 |  624.0 |
  Orcish Mines |   2009 |   1935 |     74 |    482 |    527 |   2 | 1004.5 |
      Ice Cave |    100 |    100 |      0 |      0 |      0 |   1 |  100.0 |
               +--------+--------+--------+--------+--------+-----+--------+

Top non-repeatable levels by time:
  Lair:5: 1876 daAuts
     D:7: 1714 daAuts
  Lair:3: 1708 daAuts
     D:6: 1630 daAuts
    D:13: 1458 daAuts
    D:10: 1457 daAuts
     D:9: 1332 daAuts
     D:2: 1230 daAuts
   Orc:2: 1202 daAuts
     D:8: 1085 daAuts
     D:4: 1079 daAuts
     D:3: 1079 daAuts
    D:12: 1027 daAuts
  Lair:2: 984 daAuts
  Lair:4: 979 daAuts
